 Dungeon Crawl Stone Soup version 0.30-a0-800-g7c544603b3 (webtiles) character file.

Game seed: 1404472627096265272

217 Newt the Shooter (level 6, -7/40 HPs)
             Began as a Kobold Hunter on Feb 21, 2023.
             Was a Follower of Makhleb.
             Mangled by an ogre
             ... wielding a +0 giant club
              (30 damage)
             ... on level 4 of the Dungeon.
             The game lasted 00:02:38 (3296 turns).

Newt the Shooter (Kobold Hunter)                    Turns: 3296, Time: 00:02:38

Health: -7/40      AC:  5    Str:  8    XL:     6   Next: 16%
Magic:  6/6        EV: 15    Int: 11    God:    Makhleb [*.....]
Gold:   183        SH:  0    Dex: 26    Spells: 5/5 levels left

rFire   . . .      SeeInvis .    x - +0 demon blade (freeze)
rCold   . . .      Faith    .    (no shield)
rNeg    . . .      Spirit   .    c - +0 leather armour
rPois   .          Reflect  .    (no helmet)
rElec   .          Harm     .    r - +0 cloak
rCorr   +          Rampage  .    (no gloves)
Will    .....                    n - +0 pair of boots
Stlth   +++                      (no amulet)
HPRegen 0.26/turn                d - +6 ring of dexterity
MPRegen 0.10/turn                o - ring of resist corrosion

@: no status effects
A: small, no large weapons, nightstalker 3
a: Renounce Religion


You were on level 4 of the Dungeon.
You worshipped Makhleb.
Makhleb was aware of your devotion.
You visited 1 branch of the dungeon, and saw 4 of its levels.
You also visited: Sewer.

You collected 183 gold pieces.

Inventory:

Hand Weapons
 a - a +1 shortbow
 x - a +0 demon blade of freezing (weapon)
Armour
 c - a +0 leather armour (worn)
 n - a +0 pair of boots (worn)
 r - a +0 cloak (worn)
Jewellery
 d - a +6 ring of dexterity (left hand)
 o - a ring of resist corrosion (right hand)
 u - a ring of flight
Wands
 g - a wand of mindburst (2)
 w - a wand of polymorph (9)
Scrolls
 b - a scroll of immolation
 e - 2 scrolls of poison
 m - a scroll of torment
Potions
 f - 2 potions of might
 h - 2 potions of flight
 i - 3 potions of haste
 j - a potion of attraction
 k - 2 potions of curing
 l - a potion of brilliance
 p - 2 potions of degeneration {unknown}
 q - a potion of berserk rage {unknown}
 s - a potion of mutation {unknown}
 t - a potion of magic {unknown}
 v - a potion of resistance {unknown}


   Skills:
 - Level 5.0 Fighting
 + Level 0.0 Long Blades
 - Level 7.4 Ranged Weapons
 - Level 2.4 Dodging
 - Level 1.3 Stealth


You had 5 spell levels left.
You didn't know any spells.
Your spell library contained the following spells:

 Spells                   Type           Power      Damage    Failure   Level
 Summon Ice Beast         Ice/Summ       0%         N/A       99%         4
 Summon Mana Viper        Hex/Summ       0%         N/A       100%        5
 Monstrous Menagerie      Summ           0%         N/A       100%        7


Dungeon Overview and Level Annotations

Branches:
Dungeon (4/15)              Sewer (visited)
 Temple: D:4-7

Altars:
Makhleb
Yredelemnul


Innate Abilities, Weirdness & Mutations

You are small and have problems with some larger weapons.
You are completely attuned to the shadows.


Message History

Makhleb accepts your kill.
No target in view!
No target in view!
No target in view!
You pick up a book of Beasts and begin reading...
You add the spells Summon Ice Beast, Summon Mana Viper and Monstrous Menagerie to your library.
w - a wand of polymorph (9) No target in view!
No target in view!
An orc comes into view. It is wielding a +0 short sword.
Found 15 gold pieces.
An orc is nearby!
An orc is nearby!
You shoot an arrow. The arrow hits the orc!
You kill the orc!
Makhleb accepts your kill.
No target in view!
No target in view!
You see here a +0 demon blade of freezing.
x - a +0 demon blade of freezing Your +0 demon blade of freezing glows with a cold blue light!
x - a +0 demon blade of freezing (weapon)
Found a scale mail.
Found a stone staircase leading up.
You now have 174 gold pieces (gained 15).
Found a giant spiked club.
You now have 183 gold pieces (gained 9).
You see here a +0 giant spiked club.
An ogre comes into view. It is wielding a +0 giant club.
A ball python comes into view.
Found a stone staircase leading down.
The helpless ogre fails to defend itself.
You slash the ogre! You freeze the ogre.
The ogre is moderately wounded.
The ogre hits you with a +0 giant club!
You barely miss the ogre.
The ogre is moderately wounded.
The ogre hits you with a +0 giant club!!
Ouch! That really hurt!
You die...

###
#........#
#
#......[.#
##.#######
###.# #.
#...# #.
##.### #.
###.)#
#.##...##
#O@..###
....####
##.. #.#
## #> .#
.## ..#
##.. #.#
#..#


You could see an ogre.

Vanquished Creatures
  Pargi (Sewer)
  An iguana (D:4)
  3 adders
  2 worms
  A dart slug (D:4)
  An orc (D:4)
  6 ball pythons
  8 endoplasms
  3 giant cockroaches
  3 goblins
  6 hobgoblins
  6 jackals
  6 quokkas
  4 bats
  2 frilled lizards (D:1)
  4 kobolds
  2 rats (D:1)
59 creatures vanquished.

Notes
Turn   | Place    | Note
-------+----------+-------------------------------------------
     0 | D:1      | Newt the Kobold Hunter began the quest for the Orb.
     0 | D:1      | Reached XP level 1. HP: 12/12 MP: 1/1
   171 | D:1      | Reached XP level 2. HP: 18/18 MP: 2/2
   386 | D:1      | Reached XP level 3. HP: 23/23 MP: 3/3
  1350 | D:2      | Found a burning altar of Makhleb.
  1359 | D:2      | Became a worshipper of Makhleb the Destroyer
  1697 | D:2      | Reached XP level 4. HP: 30/30 MP: 4/4
  1903 | D:2      | Found a faded altar of an unknown god.
  2093 | D:3      | Found a glowing drain.
  2097 | Sewer    | Entered a sewer
  2154 | Sewer    | Noticed Pargi
  2160 | Sewer    | Killed Pargi
  2161 | Sewer    | Reached skill level 5 in Fighting
  2161 | Sewer    | Reached skill level 6 in Ranged Weapons
  2161 | Sewer    | Reached XP level 5. HP: 25/35 MP: 5/5
  2321 | D:3      | Found a basalt altar of Yredelemnul.
  2528 | D:3      | Identified the +4 flail "Guulam" {freeze, Str+2 SInv}
  2534 | D:3      | Reached * piety under Makhleb
  3106 | D:4      | Reached skill level 7 in Ranged Weapons
  3106 | D:4      | Reached XP level 6. HP: 34/40 MP: 6/6
  3291 | D:4      | Noticed an ogre
  3296 | D:4      | Mangled by an ogre

Illustrated notes

Levels and vault maps discovered:
D:1:      psy_arrival_conway, layout_basic
D:2:      layout_basic, basic_altar, hellmonk_ecumenical_altar_leap_of_faith
D:3:      layout_loops_ring, mainiacjoe_overflow_cross_hatched,
          gup_sewer_entry_bowl, roderic_lattice_a, kennysheep_generic_room_14
D:4:      layout_rooms, minmay_temple_entry_statues_pillars,
          minmay_misc_feat_five

Skill      XL: |  1  2  3  4  5 |
---------------+----------------+-----
Fighting       | 3 4 5 |  5.0
Ranged Weapons | 6 7 |  7.4
Dodging        | |  2.4
Stealth        | |  1.3

Action                     |  1- 3 |  4- 6 || total
---------------------------+-------+-------++-------
  Melee: Demon blade       |       |     2 ||     2
   Fire: Shortbow          |    85 |    59 ||   144
    Use: Scroll            |     5 |     5 ||    10
         Potion            |       |     3 ||     3
   Stab: Sleeping          |       |     1 ||     1
 Armour: Leather armour    |    10 |     5 ||    15
  Dodge: Dodged            |    35 |    27 ||    62

Table legend: (Time is in decaauts)
 A = Elapsed time spent in this place.
 B = Non-inter-level travel time spent in this place.
 C = Inter-level travel time spent in this place.
 D = Time resting spent in this place.
 E = Time spent auto-exploring this place.
 F = Levels seen in this place.
 G = Mean time per level.
                   A        B        C        D        E       F      G
               +--------+--------+--------+--------+--------+-----+--------+
         Total |   3334 |   3233 |    101 |    200 |   2626 |   5 |  666.8 |
       Dungeon |   3182 |   3081 |    101 |    200 |   2522 |   4 |  795.5 |
         Sewer |    152 |    152 |      0 |      0 |    103 |   1 |  152.0 |
               +--------+--------+--------+--------+--------+-----+--------+

Top non-repeatable levels by time:
     D:1: 1107 daAuts
     D:2: 975 daAuts
     D:3: 875 daAuts
     D:4: 223 daAuts
   Sewer: 152 daAuts
